 Dungeon Crawl Stone Soup version 0.29.0-15-g675c0067aa (webtiles) character file.

Game seed: 14594201435338864820

3 Undrscore the Ducker (level 1, 0/10 HPs)
             Began as a Felid Chaos Knight on Sept 11, 2022.
             Was a Plaything of Xom.
             Slain by a kobold
             ... wielding a +0 dagger
              (3 damage)
             ... on level 1 of the Dungeon.
             The game lasted 00:01:11 (109 turns).

Undrscore the Ducker (Felid Chaos Knight)            Turns: 109, Time: 00:01:11

Health: 0/10       AC:  1    Str:  8    XL:     1   Next: 41%
Magic:  2/2        EV: 17    Int: 13    God:    Xom [..*...]
Gold:   9          SH:  0    Dex: 15    Spells: 0/0 levels left
                                        Lives:  0   Deaths: 0

rFire   . . .      SeeInvis +     - Unarmed
rCold   . . .      Faith    .   (shield unavailable)
rNeg    . . .      Spirit   .   (body armour unavailable)
rPois   .          Reflect  .   (helmet unavailable)
rElec   .          Harm     .   (cloak unavailable)
rCorr   .          Rampage  .   (gloves unavailable)
Will    .....                   (boots unavailable)
Stlth   +.........              (no amulet)
HPRegen 0.03/turn               (no ring)
MPRegen 0.08/turn               (no ring)

@: quick
A: very small, claws 1, fangs 3, see invisible, speed 1, shaggy fur 1, stealthy
paws, no weapons or thrown items, no armour, multi-lived
a: Renounce Religion


You were on level 1 of the Dungeon.
You worshipped Xom.
You were a toy of Xom.
You visited 1 branch of the dungeon, and saw 1 of its levels.

You collected 9 gold pieces.

Inventory:

Scrolls
 c - a scroll of fog {unknown}
Potions
 b - a potion of might {unknown}
Miscellaneous
 a - a piece from Xom's chessboard (13/15) (quivered)


   Skills:
 + Level 3.1 Fighting
 + Level 3.2 Dodging
 + Level 3.1 Unarmed Combat


You couldn't memorise any spells.
You didn't know any spells.
Your spell library was empty.

Dungeon Overview and Level Annotations

Branches:
Dungeon (1/15)

Altars:


Innate Abilities, Weirdness & Mutations

You have sharp claws.
You have razor-sharp teeth.
You have supernaturally acute eyesight. (SInv)
You cover ground quickly. (Speed+)
You are covered in fur. (AC +1)
Your paws help you pounce on unaware monsters.
You are incapable of wielding weapons or throwing items.
You cannot wear armour.
You gain extra lives every three experience levels.


Message History

You kill the frilled lizard!
As you open the door, it creaks loudly!
A bat comes into view.
There is an open door here.
You scratch the bat.
You kill the bat!
Found a ruby potion.
b - a ruby potion
Found a scroll labelled FAEROX YXYRR.
c - a scroll labelled FAEROX YXYRR
Found 8 gold pieces.
A goblin comes into view. It is wielding a +0 dagger.
The goblin shouts!
A rat comes into view.
The goblin misses you.
You closely miss the goblin. Your bite misses the goblin.
The goblin hits you with a +0 dagger.
* * * LOW HITPOINT WARNING * * *
You scratch the goblin.
You kill the goblin!
You scratch the rat.
You kill the rat!
A kobold comes into view. It is wielding a +0 dagger.
Non-targeted evoke: piece from Xom's chessboard (15/15)
Press: ? - help, Q - select action Dir - look around, f - activate
Okay, then.
Non-targeted evoke: piece from Xom's chessboard (15/15)
Press: ? - help, Q - select action Dir - look around, f - activate Look: a kobold, wielding a +0 dagger (wandering, hasn't noticed you)
You make a move on Xom's chessboard...
The kobold shouts!
The kobold seems to grow stronger.
Non-targeted evoke: piece from Xom's chessboard (14/15)
Press: ? - help, Q - select action Dir - look around, f - activate Look: a kobold, wielding a +0 dagger (strong)
You make a move on Xom's chessboard...
The kobold falls asleep!
Found a scroll labelled UNIESA WOLAO.
The kobold shouts!
The kobold hits you with a +0 dagger.
You die...

######### #.......#
####### #.......#
......# #.......#
......# ###....$..#
......# #.........#
####### #.#.).....+
#.#†..@K..#
###########.#.......#
............#...#.###
.############.###.#
.......... #.. ?#
..###.#.#. ### ## ..#
#.# #.#


You could see a kobold (strong).

Vanquished Creatures
  A goblin (D:1)
  A bat (D:1)
  A frilled lizard (D:1)
  A rat (D:1)
4 creatures vanquished.

Notes
Turn   | Place    | Note
-------+----------+-------------------------------------------
     0 | D:1      | Undrscore the Felid Chaos Knight began the quest for the
                  | Orb.
     0 | D:1      | Reached XP level 1. HP: 10/10 MP: 2/2
   109 | D:1      | Slain by a kobold

Illustrated notes

Levels and vault maps discovered:
D:1:      saegor_arrival_simple_d, layout_basic,
          chequers_ecumenical_altar_lobes, chequers_mini_garden,
          nicolae_eternal_life

Action                   || total
-------------------------++-------
Melee: Unarmed           ||     8
Evoke: Piece from Xom's  ||     2
Dodge: Dodged            ||     2
